Map: Newkirk Precinct TE (Void)

Players

Knives

  • Race: Protoss Protoss
  • League: Gold
  • Spawn Location: 7:00

Fropez - Winner!

  • Race: Protoss Protoss
  • League: Gold
  • Spawn Location: 5:00

VOD

Have the link to the VOD?

Description

Time

  • Played on: Dec. 31, 2016, 3:29 p.m.
  • Length: 14:31
Show
View Real Time Build Order
Export as new Build Order

Knives Protoss 

Build Orders: 1 Gate Expand 

Get SALT Encoding   

  12  0:01  Probe (Chrono Boost)  
  13  0:16  Pylon  
  13  0:18  Probe (Chrono Boost)  
  14  0:29  Probe (Chrono Boost)  
  15  0:37  Gateway  
  15  0:41  Probe (Chrono Boost)  
  16  0:50  Assimilator  
  16  0:52  Probe (Chrono Boost)  
  17  1:02  Probe (Chrono Boost)  
  18  1:27  Nexus  
  18  1:35  Cybernetics Core  
  18  1:41  Probe (Chrono Boost)  
  19  1:59  Assimilator  
  19  2:03  Probe (Chrono Boost)  
  19  2:05  Gateway  
  19  2:08  Warp Gate  
  20  2:13  Adept  
  22  2:21  Pylon  
  22  2:24  Probe (Chrono Boost)  
  23  2:32  Gateway  
  23  2:39  Probe (Chrono Boost)  
  23  2:40  Probe (Chrono Boost)  
  25  2:52  Stargate  
  25  2:56  Probe x2 (Chrono Boost)  
  29  3:22  Mothership Core (Chrono Boost)  
  28  3:31  Adept, Stalker  
  32  3:36  Assimilator  
  32  3:37  Probe (Chrono Boost)  
  32  3:39  Pylon  
  34  3:41  Probe (Chrono Boost)  
  34  3:54  Probe (Chrono Boost)  
  35  3:59  Probe (Chrono Boost)  
  36  4:03  Oracle  
  36  4:06  Probe (Chrono Boost)  
  40  4:13  Gateway  
  40  4:14  Probe (Chrono Boost)  
  41  4:21  Probe (Chrono Boost), Stalker  
  41  4:22  Adept x2  
  48  4:30  Probe (Chrono Boost)  
  50  4:33  Probe (Chrono Boost)  
  50  4:36  Twilight Council  
  50  4:41  Probe (Chrono Boost)  
  44  5:17  Adept x2  
  44  5:18  Adept  
  48  5:22  Pylon  
  48  5:23  Assimilator  
  48  5:24  Probe (Chrono Boost)  
  48  5:25  Probe (Chrono Boost)  
  43  5:31  Resonating Glaives  
  43  5:32  Void Ray  
  43  5:41  Stalker x2  
  45  5:44  Probe (Chrono Boost)  
  45  5:45  Probe (Chrono Boost)  
  47  5:50  Stalker  
  47  5:55  Probe (Chrono Boost)  
  52  6:11  Probe (Chrono Boost)  
  52  6:13  Probe (Chrono Boost)  
  52  6:14  Stalker  
  52  6:15  Adept  
  52  6:16  Adept  
  58  6:22  Forge  
  58  6:30  Void Ray  
  62  6:43  Pylon  
  62  6:58  Probe (Chrono Boost)  
  62  7:01  Probe (Chrono Boost)  
  61  7:02  Adept  
  61  7:03  Adept x3  
  68  7:27  Void Ray  
  70  7:47  Pylon  
  67  7:59  Probe (Chrono Boost)  
  61  8:09  Void Ray  
  61  8:18  Probe (Chrono Boost)  
  61  8:19  Probe (Chrono Boost)  
  67  8:36  Probe (Chrono Boost)  
  67  8:38  Probe (Chrono Boost)  
  69  8:41  Nexus  
  69  8:47  Void Ray  
  73  9:11  Adept x2  
  59  9:36  Nexus  
  47  9:58  Nexus  
  47  10:01  Stalker x3  
  47  10:04  Stalker  
  36  10:16  Probe (Chrono Boost)  
  36  10:18  Probe (Chrono Boost)  
  38  10:27  Probe (Chrono Boost)  
  39  10:45  Probe (Chrono Boost)  
  39  10:47  Probe (Chrono Boost)  
  41  10:59  Probe (Chrono Boost)  
  36  11:12  Probe (Chrono Boost)  
  36  11:14  Probe (Chrono Boost)  
  34  11:36  Stalker  
  34  12:14  Probe (Chrono Boost)  
  34  12:15  Probe (Chrono Boost)  
  36  12:35  Probe (Chrono Boost)  
  36  12:37  Probe (Chrono Boost)  
  38  13:03  Probe (Chrono Boost)  
  38  13:04  Probe (Chrono Boost)  
  40  13:25  Probe (Chrono Boost)  
  41  13:28  Probe (Chrono Boost)  
  41  13:29  Probe (Chrono Boost)  
  43  13:35  Probe (Chrono Boost)  
  44  14:07  Pylon  
Show
View Real Time Build Order
Export as new Build Order

Fropez Protoss - Winner!

Build Orders: 1 Gate Expand 

Get SALT Encoding   

  12  0:01  Probe (Chrono Boost)  
  13  0:11  Probe (Chrono Boost)  
  14  0:24  Probe (Chrono Boost)  
  14  0:26  Pylon  
  15  0:45  Probe (Chrono Boost)  
  15  0:47  Gateway  
  16  0:55  Probe (Chrono Boost)  
  17  1:03  Assimilator  
  17  1:05  Pylon  
  17  1:06  Probe (Chrono Boost)  
  18  1:16  Probe (Chrono Boost)  
  19  1:27  Probe (Chrono Boost)  
  20  1:41  Probe (Chrono Boost)  
  20  1:42  Nexus  
  20  1:51  Probe (Chrono Boost), Assimilator  
  21  2:03  Cybernetics Core  
  21  2:08  Probe (Chrono Boost)  
  22  2:21  Gateway  
  22  2:25  Probe (Chrono Boost)  
  23  2:30  Warp Gate  
  23  2:34  Pylon  
  23  2:35  Probe (Chrono Boost)  
  24  2:43  Stalker  
  26  2:46  Probe (Chrono Boost)  
  27  2:54  Probe (Chrono Boost)  
  28  3:05  Probe (Chrono Boost), Mothership Core (Chrono Boost)  
  31  3:08  Adept  
  33  3:16  Probe (Chrono Boost)  
  34  3:22  Twilight Council  
  34  3:25  Probe (Chrono Boost)  
  35  3:28  Probe (Chrono Boost)  
  36  3:36  Pylon  
  36  3:40  Probe (Chrono Boost)  
  36  3:41  Probe (Chrono Boost), Robotics Facility  
  38  3:47  Resonating Glaives  
  38  3:51  Adept  
  38  3:52  Probe (Chrono Boost)  
  38  3:53  Adept  
  44  3:55  Probe (Chrono Boost)  
  44  4:05  Probe (Chrono Boost)  
  46  4:11  Probe (Chrono Boost)  
  46  4:14  Assimilator  
  47  4:18  Probe (Chrono Boost)  
  48  4:24  Gateway  
  48  4:25  Probe (Chrono Boost)  
  48  4:30  Probe (Chrono Boost)  
  49  4:32  Pylon  
  49  4:34  Assimilator  
  49  4:38  Probe (Chrono Boost)  
  50  4:39  Observer  
  50  4:42  Probe (Chrono Boost)  
  52  4:50  Pylon, Probe (Chrono Boost)  
  54  4:54  Adept x2, Probe (Chrono Boost)  
  58  5:02  Probe (Chrono Boost)  
  58  5:06  Probe (Chrono Boost)  
  54  5:20  Stalker  
  56  5:21  Stalker  
  49  5:35  Probe x2 (Chrono Boost)  
  49  5:41  Warp Prism  
  49  5:47  Probe (Chrono Boost)  
  52  5:53  Gateway  
  52  5:55  Gateway x2  
  52  6:00  Probe x2 (Chrono Boost), Gateway  
  52  6:01  Gateway  
  52  6:03  Gateway  
  54  6:10  Adept x3, Forge  
  62  6:12  Probe x2 (Chrono Boost)  
  62  6:16  Gateway  
  62  6:23  Immortal  
  62  6:24  Probe x2 (Chrono Boost)  
  64  6:32  Pylon, Nexus  
  68  6:46  Probe (Chrono Boost)  
  68  6:47  Probe (Chrono Boost)  
  70  6:51  Adept x3  
  70  6:52  Protoss Ground Weapons Level 1  
  74  7:04  Immortal  
  74  7:21  Adept x2  
  74  7:22  Adept x2  
  72  7:29  Adept x3  
  78  7:37  Pylon  
  78  7:39  Pylon  
  78  7:42  Immortal  
  82  7:57  Adept x4  
  82  7:58  Adept x2  
  92  8:00  Pylon  
  90  8:18  Stalker  
  90  8:19  Stalker x2  
  96  8:20  Stalker x2  
  100  8:40  Cybernetics Core  
  98  9:03  Nexus  
  86  9:42  Pylon  
  72  10:01  Pylon  
  72  10:03  Pylon, Probe (Chrono Boost)  
  72  10:04  Probe (Chrono Boost)  
  68  10:13  Probe (Chrono Boost)  
  69  10:16  Probe (Chrono Boost)  
  69  10:18  Stalker x3  
  68  10:52  Pylon  
  68  10:53  Probe (Chrono Boost)  
  68  10:54  Probe (Chrono Boost)  
  63  11:14  Assimilator  
  57  11:37  Assimilator  
  57  11:38  Cybernetics Core  
  56  11:41  Assimilator  
  56  11:46  Assimilator  
  54  11:52  Pylon  
  50  11:55  Pylon  
  50  11:58  Dark Shrine  
  48  12:02  Pylon  
  48  12:08  Pylon  
  48  12:13  Gateway  
  48  12:15  Pylon  
  48  12:18  Pylon  
  48  12:32  Gateway  
  48  12:35  Gateway  
  48  12:36  Gateway  
  46  13:03  Pylon  
  45  13:07  Pylon  
  45  13:08  Pylon  
  45  13:11  Dark Templar  
  45  13:22  Pylon  
  45  13:26  Pylon  
  45  13:29  Dark Templar x4  
  43  13:57  Dark Templar x3  
  43  14:02  Dark Templar x2  
Tags
 
Add a new tag
Caveats
  • Supply blocks, unpowered buildings, or Contaminate may cause inaccurate times.
  • Supply counts are checked every 10 seconds.